 Dungeon Crawl Stone Soup version 0.31.0-11-ge490571c62 (webtiles) character file.

Game seed: 15980647111092901591

88 qw the Shooter (level 4, -2/25 HPs)
             Began as a Deep Elf Hunter on Feb 4, 2024.
             Incinerated by a bombardier beetle (3 damage)
             ... with a burning spray
             ... on level 3 of the Dungeon.
             The game lasted 00:00:05 (1399 turns).

qw the Shooter (Deep Elf Hunter)                    Turns: 1399, Time: 00:00:05

Health: -2/25      AC:  6    Str: 10    XL:     4   Next: 30%
Magic:  6/6        EV: 11    Int: 14    God:
Gold:   83         SH:  0    Dex: 18    Spells: 3/3 levels left

rFire   . . .        c - +4 shortbow (flame)
rCold   . . .        (shield currently unavailable)
rNeg    . . .        e - +0 ring mail
rPois   .            (no helmet)
rElec   .            a - +0 cloak {Will+}
rCorr   .            (no gloves)
SInv    .            (no boots)
Will    +....        (no amulet)
Stlth   +            (no ring)
HPRegen 0.24/turn    (no ring)
MPRegen 0.10/turn

%: no passive effects
@: on fire, glowing
A: no striking features
a: no special abilities


You were on level 3 of the Dungeon.
You visited 1 branch of the dungeon, and saw 3 of its levels.

You collected 83 gold pieces.


   Skills:
 - Level 1.5 Fighting
 + Level 7.7 Ranged Weapons
 - Level 2.4 Dodging
 - Level 1.2 Stealth


You had 3 spell levels left.
You didn't know any spells.
Your spell library was empty.

Inventory:

Hand Weapons
 c - a +4 shortbow of flaming (weapon)
Armour
 a - a +0 cloak of willpower (worn)
 e - a +0 ring mail (worn)
Scrolls
 d - a scroll of blinking {unknown}
 g - 3 scrolls of teleportation
Potions
 b - 2 potions of heal wounds
 h - a potion of curing
 i - a potion of ambrosia {unknown}

Dungeon Overview and Level Annotations

Branches:
Dungeon (3/15)

Altars:


Message History

d - a scroll labelled CEIBRUEQA 2 kobolds come into view.
You shoot an arrow. The arrow barely misses the kobold.
The kobold shouts!
You shoot an arrow. The arrow barely misses the kobold.
The kobold closely misses you.
You shoot an arrow.
The arrow hits the kobold but does no damage.
You shoot an arrow. The arrow hits the kobold!
The arrow burns the kobold.
You kill the kobold!
The kobold completely misses you. The kobold hits you but does no damage.
You shoot an arrow. The arrow hits the kobold.
The arrow burns the kobold.
You kill the kobold!
Things that are here:
a +0 dagger; a kobold corpse A bombardier beetle comes into view.
You shoot an arrow.
The arrow hits the bombardier beetle but does no damage.
The bombardier beetle sprays incendiary fluid at you.
The burning spray hits you.
You are covered in liquid fire!
You shoot an arrow. The arrow hits the bombardier beetle!
The arrow burns the bombardier beetle.
The bombardier beetle is heavily wounded.
The liquid fire burns you!
You shoot an arrow.
The arrow closely misses the bombardier beetle.
The liquid fire burns you!
You shoot an arrow. The arrow hits the bombardier beetle!
The arrow burns the bombardier beetle.
You kill the bombardier beetle!
The liquid fire burns you!
You have reached level 4!
You feel clever.
You are on fire!
The liquid fire burns you!
You are on fire!
The liquid fire burns you!
You are on fire!
The liquid fire burns you!
You die...

##............
##.............
...............
##.##.#.##.#..#
.).)...........
##............#
#............# #
####....#.#..#####.# #
#....#.#..##@...#.#
#####....#.#..##.##.....
...........#..##.##.#.##
.........#.#)...........
............).##.####.##
######..#####.........#
#..#######.#######
#..........#
#.##########


There were no monsters in sight!

Vanquished Creatures
  A bombardier beetle (D:3)
  2 ribbon worms (D:2)
  5 orcs (D:2)
  5 ball pythons
  6 endoplasms
  3 giant cockroaches (D:1)
  2 hobgoblins (D:2)
  A quokka (D:1)
  4 bats
  A frilled lizard (D:1)
  7 goblins
  3 kobolds (D:3)
  5 rats
45 creatures vanquished.

Notes
Turn   | Place    | Note
-------+----------+-------------------------------------------
     0 | D:1      | qw the Deep Elf Hunter began the quest for the Orb.
     0 | D:1      | Reached XP level 1. HP: 12/12 MP: 3/3
     0 | D:1      | 0 ||| qw: Version: 0.3-a-160-g6735b56
     0 | D:1      | 0 ||| qw: Game counter: 4799
     0 | D:1      | 0 ||| qw: Melee chars always use a shield: true
     0 | D:1      | 0 ||| qw: God list: Okawaru
     0 | D:1      | 0 ||| qw: Allow faded altars: false
     0 | D:1      | 0 ||| qw: Do Orc after clearing Dungeon:15 true
     0 | D:1      | 0 ||| qw: Do second Lair branch before Depths: true
     0 | D:1      | 0 ||| qw: Lair rune preference: random
     0 | D:1      | 0 ||| qw: Goals: Normal
     0 | D:1      | 0 ||| PLANNING D:1-11
   116 | D:1      | 116 ||| READING scroll labelled LULIT INUTTUGH.
   116 | D:1      | 116 ||| ENCHANTING +0 shortbow.
   117 | D:1      | 117 ||| DROPPING scroll of butterflies.
   253 | D:1      | Reached XP level 2. HP: 16/16 MP: 4/4
   262 | D:1      | Reached skill level 6 in Ranged Weapons
   639 | D:1      | 639 ||| UPGRADING to +0 scale mail.
   649 | D:1      | 649 ||| DROPPING +0 leather armour.
   650 | D:1      | 650 ||| UPGRADING to +0 ring mail.
   660 | D:1      | 660 ||| DROPPING +0 scale mail.
   661 | D:1      | 661 ||| READING scroll labelled CIUNGI UVAYNI.
   662 | D:1      | 662 ||| READING 4 scrolls labelled ZAMONN NAIBOAS.
   667 | D:1      | 667 ||| READING 2 scrolls labelled XIHYINUIHI.
   667 | D:1      | Identified 2 scrolls of acquirement
   667 | D:1      | 667 ||| ACQUIRING +4 shortbow of flaming
   667 | D:1      | Acquired a +4 shortbow of flaming
   669 | D:1      | 669 ||| SWAPPING to +4 shortbow of flaming.
   670 | D:1      | 670 ||| DROPPING +1 shortbow.
   671 | D:1      | 671 ||| READING scroll of acquirement.
   671 | D:1      | 671 ||| ACQUIRING +0 cloak of willpower
   671 | D:1      | Acquired a +0 cloak of willpower
   673 | D:1      | 673 ||| UPGRADING to +0 cloak of willpower.
   678 | D:1      | 678 ||| READING scroll labelled HIMIER FUC.
   678 | D:1      | 678 ||| IDENTIFYING fizzy blue potion
   794 | D:2      | Reached XP level 3. HP: 20/20 MP: 5/5
  1121 | D:2      | Reached skill level 7 in Ranged Weapons
  1241 | D:2      | 1241 ||| READING scroll of identify.
  1241 | D:2      | 1241 ||| IDENTIFYING brown potion
  1242 | D:2      | 1242 ||| READING scroll labelled NOXULOTHRUG.
  1396 | D:3      | HP: 5/20 [burnt (6)]
  1397 | D:3      | Reached XP level 4. HP: 7/25 MP: 6/6
  1398 | D:3      | HP: 1/25 [burnt (3)]
  1399 | D:3      | Incinerated by a bombardier beetle

Levels and vault maps discovered:
D:1:      sevenhm_arrival_forest_fort_small_5, layout_rooms,
          minmay_curled_crystal, st_stairs_14, hangedman_decor_push,
          reono_crystal_passage, grunt_decor_cap
D:2:      layout_basic, dreamdust_mushroom_princess, nicolae_the_louvre
D:3:      wad_river_or_something, layout_basic,
          mainiacjoe_overflow_cross_hatched, serial_shops,
          nicolae_shop_behind_doors, minmay_gold_behind_fungi, st_stairs_11,
          chequers_avenue

Skill      XL: |  1  2  3 |
---------------+----------+-----
Ranged Weapons | 6 7 |  7.7
Fighting       | |  1.5
Dodging        | |  2.4
Stealth        | |  1.2

Action                     |  1- 3 |  4- 6 || total
---------------------------+-------+-------++-------
   Fire: Shortbow          |    79 |       ||    79
    Use: Scroll            |     8 |       ||     8
 Armour: Leather armour    |     4 |       ||     4
         Ring mail         |     7 |       ||     7
  Dodge: Dodged            |     9 |       ||     9

Table legend:
 A = Non-vault XP
 B = Vault XP
 C = Vault XP percentage of total XP
 D = Non-vault monster count
 E = Vault monster count
 F = Vault count percentage of total count
                 A         B        C        D         E       F
            +---------+---------+-------+---------+---------+-------
      Total |     126 |       1 |   0.8 |      44 |       1 |   2.2
            +---------+---------+-------+---------+---------+-------
        D:1 |      24 |       1 |   4.0 |      15 |       1 |   6.2
        D:2 |      53 |       0 |   0.0 |      24 |       0 |   0.0
        D:3 |      49 |       0 |   0.0 |       5 |       0 |   0.0
            +---------+---------+-------+---------+---------+-------
